 Dungeon Crawl Stone Soup version 0.25-a0-1130-g3926558 (webtiles) character file.

Game seed: 4146559465786494617, levelgen mode: deterministic

242 Faca the Skirmisher (level 5, -3/44 HPs)
             Began as a Mummy Fighter on May 19, 2020.
             Was an Initiate of Gozag.
             Killed from afar by an orc (19 damage)
             ... with a bolt of acid
             ... on level 4 of the Dungeon.
             The game lasted 00:04:19 (3648 turns).

Faca the Skirmisher (Mummy Fighter)                 Turns: 3648, Time: 00:04:20

Health: -3/44      AC:  8    Str: 20    XL:     5   Next: 81%
Magic:  5/5        EV:  5    Int:  7    God:    Gozag
Gold:   148        SH:  9    Dex: 12    Spells: 4/4 levels left

rFire    x . .     SeeInvis .   a - +0 flail
rCold    + + .     Gourm    .   c - +0 kite shield
rNeg     + + +     Faith    .   d - +0 chain mail
rPois    ∞         Spirit   .   (no helmet)
rElec    .         Reflect  .   (no cloak)
rCorr    .         Harm     .   (no gloves)
MR       .....                  (no boots)
Stlth    ..........             j - amulet of regeneration
HPRegen  0.54/turn              e - ring of protection from cold
MPRegen  0.09/turn              (no ring)

@: gold aura
A: no food or potions, fire vulnerability, cold resistance 1, negative energy
resistance 3, torment resistance, unbreathing
a: Potion Petition, Call Merchant, Bribe Branch, Renounce Religion


You were on level 4 of the Dungeon.
You worshipped Gozag.
Gozag was aware of your devotion.
You were not hungry.

You visited 1 branch of the dungeon, and saw 4 of its levels.

You collected 181 gold pieces.
You paid 33 gold pieces to Gozag.

Inventory:

Hand Weapons
 a - a +0 flail (weapon)
Armour
 c - a +0 kite shield (worn)
 d - a +0 chain mail (worn)
Jewellery
 e - a ring of protection from cold (left hand)
 j - an amulet of regeneration (around neck)
Scrolls
 b - 2 scrolls of identify
 f - a scroll of fear
 g - 3 scrolls of remove curse
 h - a scroll of blinking
 i - a scroll of enchant armour


   Skills:
 + Level 5.1 Fighting
 + Level 3.7 Maces & Flails
 - Level 2.4 Armour
 - Level 2.4 Shields


You had 4 spell levels left.
You didn't know any spells.
Your spell library contained the following spells:

 Spells                   Type           Power        Failure   Level  Hunger
 Freeze                   Ice            #...         100%        1    N/A
 Frozen Ramparts          Ice            #.....       100%        3    N/A
 Ozocubu's Armour         Chrm/Ice       #.......     100%        3    N/A
 Hailstorm                Conj/Ice       #.......     100%        4    N/A
 Summon Ice Beast         Ice/Summ       #.......     100%        4    N/A

Dungeon Overview and Level Annotations

Branches:
Dungeon (4/15)             Temple (0/1) D:4

Altars:
Gozag
Uskayaw
Yredelemnul
The Shining One


Innate Abilities, Weirdness & Mutations

You do not eat or drink.
Your flesh is vulnerable to fire.
You are immune to poison.
Your flesh is cold resistant. (rC+)
You are immune to negative energy. (rN+++)
You are immune to unholy pain and torment.
You can survive without breathing.


Message History

You kill the orc priest!
Your Fighting skill increases to level 5!
The orc throws a boomerang.
The boomerang hits you.
* * * LOW HITPOINT WARNING * * *
The weapon returns to the orc!
The orc hits you but does no damage.
Items here: $ )) [ 10 gold pieces; a +1 short sword of electrocution; a +0 dagger; a +0 robe You hit the orc but do no damage.
The orc becomes distracted by the nearby gold, dreaming of imaginary riches.
You block the orc's attack.
You closely miss the orc.
The orc shouts!
The orc hits you but does no damage.
You thump the orc!
You kill the orc!
The orc is no longer distracted by gold.
The orc zaps a wand.
The bolt of acid hits you!!
You die...
Your body crumbles into a pile of gold. # ######################## .....Zo@$............... ########################

You could see an orc and an adder skeleton.

Vanquished Creatures
  A centaur zombie (D:3)
  2 orc priests
  An orc wizard (D:4)
  6 adders
  An ooze (D:2)
  2 worms (D:2)
  3 dart slugs
  6 orcs
  3 giant cockroaches
  7 goblins
  6 hobgoblins
  2 kobolds
  A quokka (D:3)
  A ball python (D:1)
  3 bats
  6 frilled lizards
  3 rats
54 creatures vanquished.

Notes
Turn   | Place    | Note
-------+----------+-------------------------------------------
     0 | D:1      | Faca the Mummy Fighter began the quest for the Orb.
     0 | D:1      | Reached XP level 1. HP: 18/18 MP: 1/1
   231 | D:1      | Reached XP level 2. HP: 22/24 MP: 2/2
  1152 | D:2      | Reached XP level 3. HP: 26/29 MP: 3/3
  1391 | D:2      | Found a glowing golden altar of the Shining One.
  1794 | D:2      | Found a basalt altar of Yredelemnul.
  1860 | D:3      | Reached skill level 4 in Fighting
  1994 | D:3      | Reached XP level 4. HP: 19/37 MP: 4/4
  2763 | D:2      | Reached XP level 5. HP: 37/43 MP: 5/5
  2857 | D:3      | Found a hide-covered altar of Uskayaw.
  3008 | D:3      | Found an opulent altar of Gozag.
  3208 | D:3      | Became a worshipper of Gozag Ym Sagoz the Greedy
  3302 | D:4      | Found a staircase to the Ecumenical Temple.
  3643 | D:4      | Reached skill level 5 in Fighting
  3648 | D:4      | Killed from afar by an orc

Illustrated notes

Levels and vault maps discovered:
D:1:      scummos_arrival_hexagon, layout_basic
D:2:      layout_rooms, lemuel_coloured_pillars_altar, lemuel_round_altar,
          lemuel_old_faithful
D:3:      layout_rooms, old_standard_altar, grunt_gozag_breadcrumbs
D:4:      layout_basic, minmay_temple_entry_drinking_statues, first_ration,
          kennysheep_boxes

Skill      XL: |  1  2  3  4  5 |
---------------+----------------+-----
Maces & Flails | 2 3 |  3.7
Fighting       | 4 5 |  5.1
Armour         | |  2.4
Shields        | |  2.4

Action                   |  1- 3 |  4- 6 || total
-------------------------+-------+-------++-------
Melee: Flail             |   172 |   109 ||   281
  Use: Scroll            |     5 |       ||     5
Armor: Scale mail        |    94 |    26 ||   120
       Chain mail        |       |    34 ||    34
Dodge: Dodged            |    53 |    29 ||    82
Block: Kite shield       |    96 |    51 ||   147

Table legend:
 A = Non-vault XP
 B = Vault XP
 C = Vault XP percentage of total XP
 D = Non-vault monster count
 E = Vault monster count
 F = Vault count percentage of total count
                 A         B        C        D         E       F
            +---------+---------+-------+---------+---------+-------
      Total |     346 |       0 |   0.0 |      54 |       0 |   0.0
            +---------+---------+-------+---------+---------+-------
        D:1 |      20 |       0 |   0.0 |      12 |       0 |   0.0
        D:2 |     121 |       0 |   0.0 |      24 |       0 |   0.0
        D:3 |      96 |       0 |   0.0 |      12 |       0 |   0.0
        D:4 |     109 |       0 |   0.0 |       6 |       0 |   0.0
            +---------+---------+-------+---------+---------+-------
